 Dungeon Crawl Stone Soup version 0.27-a0-887-gcab673c142 (webtiles) character file.

Game seed: 14183771190390750400

247 mhtbhm the Covered (level 5, -2/47 HPs)
             Began as a Minotaur Fighter on Apr 4, 2021.
             Slain by a ball python (3 damage)
             ... on level 3 of the Dungeon.
             The game lasted 00:01:56 (1560 turns).

mhtbhm the Covered (Minotaur Fighter)               Turns: 1560, Time: 00:01:56

Health: -2/47      AC:  8    Str: 19 (21) XL:     5   Next: 85%
Magic:  4/4        EV:  4    Int:  2 (5)  God:
Gold:   42         SH:  0    Dex:  8 (10) Spells: 4/4 levels left

rFire    + . .     SeeInvis +   a - +0 trident
rCold    + . .     Faith    .   c - +0 kite shield
rNeg     . . .     Spirit   .   b - +0 scale mail
rPois    +         Reflect  .   (helmet restricted)
rElec    +         Harm     .   e - +0 cloak
rCorr    +         Rampage  .   (no gloves)
Will     .....                  (no boots)
Stlth    ..........             (no amulet)
HPRegen  0.15/turn              p - ring of see invisible
MPRegen  0.09/turn              (no ring)

@: confused, mighty, resistant, hasted, constricted, very quick
A: horns 2, retaliatory headbutt
a: no special abilities


You were on level 3 of the Dungeon.
You visited 1 branch of the dungeon, and saw 3 of its levels.

You collected 42 gold pieces.

Inventory:

Hand Weapons
 a - a +0 trident (weapon)
Armour
 b - a +0 scale mail (worn)
 c - a +0 kite shield (worn)
 e - a +0 cloak (worn)
Jewellery
 p - a ring of see invisible (left hand)
Wands
 o - a wand of random effects (14)
Scrolls
 f - 2 scrolls of identify {unknown}
 i - a scroll of immolation {unknown}
 j - a scroll of torment {unknown}
 k - a scroll of fog {unknown}
 l - a scroll of teleportation {unknown}
 n - a scroll of acquirement {unknown}
Potions
 d - a potion of might
 h - 2 potions of haste


   Skills:
 + Level 4.8 Fighting
 + Level 4.7 Polearms
 + Level 5.1 Armour
 + Level 1.0 Dodging
 + Level 4.5 Shields


You had 4 spell levels left.
You didn't know any spells.
Your spell library contained the following spells:

 Spells                   Type           Power      Damage    Failure   Level
 Animate Skeleton         Necr           0%         N/A       100%        1
 Apportation              Tloc           0%         N/A       100%        1
 Corona                   Hex            0%         N/A       100%        1
 Summon Small Mammal      Summ           0%         N/A       100%        1


Dungeon Overview and Level Annotations

Branches:
Dungeon (3/15)

Altars:


Innate Abilities, Weirdness & Mutations

You have a pair of horns on your head.
You reflexively headbutt those who attack you in melee.


Message History

It was a potion of haste.
You feel yourself speed up.
The ball python bites you but does no damage.
The ball python constricts you.
The orc wizard hits you but does no damage. x2
Unknown command.
It was a potion of degeneration.
There was something very wrong with that liquid.
You feel weakened.
You feel dopey.
You feel clumsy.
The ball python bites you but does no damage.
* * * LOW HITPOINT WARNING * * *
The ball python constricts you.
Unknown command.
It was a potion of resistance.
You feel protected. The orc hits you but does no damage.
The orc wizard gestures at you while chanting.
You are more confused.
The orc wizard points at you and mumbles some strange words.
The magic dart hits you!
* * * LOW HITPOINT WARNING * * *
The ball python bites you but does no damage.
The ball python constricts you.
Okay, then.
You miss the orc. Your headbutt misses the orc.
The orc hits you but does no damage.
The orc wizard hits you but does no damage.
The ball python bites you.
* * * LOW HITPOINT WARNING * * *
The ball python constricts you.
The orc wizard hits you but does no damage.
You miss the orc wizard. Your headbutt misses the orc wizard.
The orc wizard is lightly wounded.
The orc hits you but does no damage.
The ball python bites you but does no damage.
The ball python constricts you. The orc wizard barely misses you.
The orc wizard hits you but does no damage.
Unknown command.
Unknown command.
You're too confused to move!
The ball python bites you.
You die...

#≈≈≈≈.# #.#.# .#
#≈≈≈≈≈≈##.#.####≈≈≈≈
#≈≈≈≈≈≈≈≈≈#.#≈≈≈≈≈≈≈
≈≈≈≈≈≈≈≈≈≈≈≈≈≈≈≈≈≈
≈≈≈≈≈≈≈≈≈≈≈≈≈≈≈≈
#≈≈≈≈≈≈≈≈≈≈≈≈≈
#..###.#≈≈≈≈≈≈≈#
#.....)†ooS....#
.......##@o....#
##.#### ####...#
#...##.# #...##.#
#...##.###.
######..........
.................
#########.##.####
####.#...######


You could see 2 orc wizards, an orc and a ball python.

Vanquished Creatures
  Sigmund (D:2)
  Jessica (D:2)
  An adder (D:2)
  A worm (D:2)
  An orc (D:3)
  6 ball pythons
  5 endoplasms (D:1)
  4 giant cockroaches
  3 goblins (D:1)
  7 hobgoblins
  2 jackals (D:1)
  6 kobolds
  A quokka (D:3)
  8 bats
  2 frilled lizards
  A rat (D:1)
50 creatures vanquished.

Vanquished Creatures (others)
  A plant (D:1)
1 creature vanquished.

Grand Total: 51 creatures vanquished

Notes
Turn   | Place    | Note
-------+----------+-------------------------------------------
     0 | D:1      | mhtbhm the Minotaur Fighter began the quest for the Orb.
     0 | D:1      | Reached XP level 1. HP: 19/19 MP: 0/0
    67 | D:1      | Reached XP level 2. HP: 27/27 MP: 1/1
   381 | D:1      | Reached skill level 4 in Armour
   410 | D:1      | Reached XP level 3. HP: 30/33 MP: 2/2
   924 | D:2      | Noticed Jessica
   928 | D:2      | Killed Jessica
   929 | D:2      | Reached XP level 4. HP: 41/41 MP: 3/3
  1130 | D:2      | Noticed Sigmund
  1146 | D:2      | Killed Sigmund
  1147 | D:2      | Reached skill level 5 in Armour
  1147 | D:2      | Reached skill level 1 in Dodging
  1147 | D:2      | Reached XP level 5. HP: 15/47 MP: 4/4
  1557 | D:3      | HP: 2/47 [orc wizard/magic dart (7)]
  1560 | D:3      | Slain by a ball python

Illustrated notes

Levels and vault maps discovered:
D:1:      dpeg_arrival_orchard, layout_rooms
D:2:      layout_rooms, st_stairs_12, kennysheep_generic_room_12, uniq_sigmund,
          uniq_jessica
D:3:      wander_river, layout_loops_ring, nzn_hepliaklqana_mist_gate,
          lemuel_tele_altar, dk_noncrumbling_4

Skill      XL: |  1  2  3  4 |
---------------+-------------+-----
Fighting       | 4 |  4.8
Shields        | 4 |  4.5
Armour         | 4 5 |  5.1
Polearms       | 3 4 |  4.7
Dodging        | 1 |  1.0

Action                   |  1- 3 |  4- 6 || total
-------------------------+-------+-------++-------
Melee: Trident           |    98 |    43 ||   141
       Headbutt          |    17 |     4 ||    21
  Use: Potion            |       |     4 ||     4
Armor: Scale mail        |    51 |    38 ||    89
Dodge: Dodged            |    30 |    19 ||    49
Block: Kite shield       |    43 |    16 ||    59

Table legend: (Time is in decaauts)
 A = Elapsed time spent in this place.
 B = Non-inter-level travel time spent in this place.
 C = Inter-level travel time spent in this place.
 D = Time resting spent in this place.
 E = Time spent auto-exploring this place.
 F = Levels seen in this place.
 G = Mean time per level.
                   A        B        C        D        E       F      G
               +--------+--------+--------+--------+--------+-----+--------+
         Total |   1609 |   1579 |     30 |      0 |   1228 |   3 |  536.3 |
       Dungeon |   1609 |   1579 |     30 |      0 |   1228 |   3 |  536.3 |
               +--------+--------+--------+--------+--------+-----+--------+

Top non-repeatable levels by time:
     D:2: 790 daAuts
     D:1: 754 daAuts
     D:3: 64 daAuts
